 Dungeon Crawl Stone Soup version 0.30-a0-509-gd016549fea (webtiles) character file.

Game seed: 4507302525986914706

79 bande the Trooper (level 4, 0/29 HPs)
             Began as a Gargoyle Fighter on Dec 23, 2022.
             Frozen to death by an endoplasm (2 damage)
             ... on level 3 of the Dungeon.
             The game lasted 00:03:32 (1783 turns).

bande the Trooper (Gargoyle Fighter)                Turns: 1783, Time: 00:03:33

Health: 0/29       AC: 15    Str: 20    XL:     4   Next: 38%
Magic:  4/4        EV:  7    Int:  8    God:
Gold:   136        SH:  0    Dex: 11    Spells: 3/3 levels left

rFire   . . .      SeeInvis .    a - +0 war axe
rCold   . . .      Faith    .    c - +0 buckler
rNeg    + . .      Spirit   .    k - +0 chain mail
rPois   ∞          Reflect  .    (no helmet)
rElec   +          Harm     .    (no cloak)
rCorr   .          Rampage  .    i - +1 pair of gloves
Will    .....                    (no boots)
Stlth   ..........               (no amulet)
HPRegen 0.24/turn                (no ring)
MPRegen 0.09/turn                (no ring)

@: confused, brilliant
A: sickness immunity, AC +3, negative energy resistance 1, electricity
resistance, torment resistance 1, petrification resistance
a: no special abilities


You were on level 3 of the Dungeon.
You visited 1 branch of the dungeon, and saw 3 of its levels.

You collected 136 gold pieces.

Inventory:

Hand Weapons
 a - a +0 war axe (weapon)
Armour
 c - a +0 buckler (worn)
 i - a +1 pair of gloves (worn)
 k - a +0 chain mail (worn)
Wands
 h - a wand of acid (6)
Scrolls
 e - 3 scrolls of teleportation
 l - a scroll of enchant armour
Potions
 b - a potion of curing
 d - a potion of might
 g - 2 potions of brilliance
 j - a potion of flight


   Skills:
 + Level 3.8 Fighting
 + Level 3.0 Axes
 + Level 3.6 Armour
 - Level 0.7 Stealth
 + Level 3.7 Shields
 * Level 0.2 Evocations


You had 3 spell levels left.
You didn't know any spells.
Your spell library was empty.

Dungeon Overview and Level Annotations

Branches:
Dungeon (3/15)

Altars:

Shops:
D:1 *


Innate Abilities, Weirdness & Mutations

You are immune to sickness and miasma.
Your stone body is resilient. (AC +3)
You are immune to poison.
You resist negative energy. (rN+)
You are resistant to electric shocks. (rElec)
You are resistant to unholy torment.
You are immune to petrification.


Message History

You closely miss something. You slash the orc!
You kill the orc!
An endoplasm comes into view. x2
Something hits you but does no damage. Something hits you.
* * * LOW HITPOINT WARNING * * *
The endoplasm moves out of view.
Unknown command.
Unknown command.
You miss something. Something hits you but does no damage.
You closely miss something. Something hits you but does no damage.
The orc hits you but does no damage. Something hits you but does no damage.
Unknown command.
You barely miss something.
The endoplasm quivers.
You slash the orc!
You kill the orc!
You hear some strange, mumbled words.
You are confused.
Found a stone staircase leading down.
Something hits you but does no damage.
Things that are here:
a +0 hand axe; a scroll labelled IJIOFI KECEAL; a rat corpse Unknown command.
Something hits you but does no damage.
Found 15 gold pieces.
The endoplasm freezes you.
You are frozen.
* * * LOW HITPOINT WARNING * * *
You hear some strange, mumbled words.
A puff of flame appears from out of thin air!
The puff of flame hits you but does no damage.
You barely miss the endoplasm. The endoplasm freezes you.
You are frozen.
* * * LOW HITPOINT WARNING * * *
You hit the endoplasm.
The endoplasm is moderately wounded.
You closely miss something. You completely miss the endoplasm.
The endoplasm hits you but does no damage.
The endoplasm freezes you.
You are frozen.
You die...

##################### #
..........#.........
#.#................###
........#.#.####.#
...#.#.####.#.#.# #.#
..>....@J.....#.# #.# #
.$...#J#).#.###.## #.#.#
........................
...#.#..))#$###.......
#.#............. .. #
#.#.##..###.. .....##...
.########### .


You could see 2 endoplasms.

Vanquished Creatures
  An adder (D:2)
  2 worms
  4 dart slugs
  4 orcs (D:3)
  5 bats
  9 endoplasms
  2 giant cockroaches (D:1)
  5 goblins
  2 hobgoblins
  5 ball pythons
  3 kobolds
  10 rats
52 creatures vanquished.

Notes
Turn   | Place    | Note
-------+----------+-------------------------------------------
     0 | D:1      | bande the Gargoyle Fighter began the quest for the Orb.
     0 | D:1      | Reached XP level 1. HP: 14/14 MP: 1/1
   163 | D:1      | Reached XP level 2. HP: 19/19 MP: 2/2
   324 | D:1      | Found Hastriff's General Store.
   767 | D:2      | Reached XP level 3. HP: 8/24 MP: 3/3
  1169 | D:2      | Identified the +1 hand axe of Hivune {vamp, Will++ MP-9
                  | Str+8 Dex-3}
  1551 | D:2      | Reached XP level 4. HP: 25/29 MP: 4/4
  1782 | D:3      | HP: 1/29 [frozen (4)]
  1783 | D:3      | Frozen to death by an endoplasm

Illustrated notes

Levels and vault maps discovered:
D:1:      amcnicky_arrival_gap_in_the_tavern_cellar, layout_basic, serial_shops,
          nicolae_shop_trees
D:2:      layout_loops_ring
D:3:      layout_basic, ebering_ecumenical_altar_sacrificial

Skill      XL: |  1  2  3  4 |
---------------+-------------+-----
Axes           | 2 3 |  3.0
Fighting       | |  3.8
Armour         | |  3.6
Stealth        | |  0.7
Shields        | |  3.7
Evocations     | |  0.2

Action                   |  1- 3 |  4- 6 || total
-------------------------+-------+-------++-------
Melee: War axe           |   104 |    32 ||   136
  Use: Scroll            |     4 |     2 ||     6
       Potion            |       |     3 ||     3
Armor: Scale mail        |    22 |       ||    22
       Chain mail        |    41 |    44 ||    85
Dodge: Dodged            |    39 |    27 ||    66
Block: Buckler           |    18 |     6 ||    24

Table legend: (Time is in decaauts)
 A = Elapsed time spent in this place.
 B = Non-inter-level travel time spent in this place.
 C = Inter-level travel time spent in this place.
 D = Time resting spent in this place.
 E = Time spent auto-exploring this place.
 F = Levels seen in this place.
 G = Mean time per level.
                   A        B        C        D        E       F      G
               +--------+--------+--------+--------+--------+-----+--------+
         Total |   1839 |   1839 |      0 |      0 |   1406 |   3 |  613.0 |
       Dungeon |   1839 |   1839 |      0 |      0 |   1406 |   3 |  613.0 |
               +--------+--------+--------+--------+--------+-----+--------+

Top non-repeatable levels by time:
     D:2: 904 daAuts
     D:1: 768 daAuts
     D:3: 166 daAuts
